 Dungeon Crawl Stone Soup version 0.27-a0-679-g77a6b55cf3 (webtiles) character file.

Game seed: 3982326616420428485

14 voidwright the Skirmisher (level 2, -13/21 HPs)
             Began as a Demonspawn Chaos Knight on Mar 18, 2021.
             Was a Plaything of Xom.
             Killed by an exploding hobgoblin (34 damage)
             ... ignited by their inner flame
             ... on level 2 of the Dungeon.
             The game lasted 00:07:38 (1309 turns).

voidwright the Skirmisher (Demonspawn Chaos Knight) Turns: 1309, Time: 00:07:44

Health: -13/21     AC:  5    Str: 12      XL:     2   Next: 31%
Magic:  2/2        EV: 11    Int: 13      God:    Xom [....*.]
Gold:   32         SH:  0    Dex: 11 (12) Spells: 1/1 levels left

rFire    . . .     SeeInvis .   a - +0 falchion (chaos)
rCold    . . .     Faith    .   (no shield)
rNeg     . . .     Spirit   .   b - +2 leather armour
rPois    .         Reflect  .   (helmet restricted)
rElec    .         Harm     .   (no cloak)
rCorr    .         Rampage  .   (no gloves)
Will     .....                  (no boots)
Stlth    +.........             (no amulet)
HPRegen  0.07/turn              (no ring)
MPRegen  0.08/turn              (no ring)

@: studying Long Blades
A: antennae 1, deterioration 1, frail 1
a: Renounce Religion


You were on level 2 of the Dungeon.
You worshipped Xom.
You were a beloved toy of Xom.
You visited 1 branch of the dungeon, and saw 2 of its levels.

You collected 32 gold pieces.

Inventory:

Hand Weapons
 a - a +0 falchion of chaos (weapon)
Armour
 b - a +2 leather armour (worn)
Magical Staves
 c - a staff of poison
Potions
 d - a potion of haste


   Skills:
 + Level 3.3 Fighting
 + Level 3.0 Long Blades
 + Level 2.0 Armour
 + Level 0.8 Dodging


You had one spell level left.
You didn't know any spells.
Your spell library was empty.

Dungeon Overview and Level Annotations

Branches:
Dungeon (2/15)

Altars:


Innate Abilities, Weirdness & Mutations

You have a pair of small antennae on your head.
Your body sometimes deteriorates upon taking damage.
You are frail. (-10% HP)


Message History

Found an escape hatch in the floor.
Really walk into that teleport trap?
You enter a teleport trap!
The teleport trap disappears.
Your surroundings suddenly seem different.
You see here a +0 war axe of venom.
You see here a +0 club.
Xom makes a sudden noise!
You hear the distant roaring of an enraged frog.
You are now a beloved toy of Xom.
Found a glowing short sword.
You see here a +1 short sword of speed.
Found 14 gold pieces.
You now have 32 gold pieces (gained 14).
There is an escape hatch in the floor here.
Done exploring.
There is an escape hatch in the floor here.
You slide downwards.
The hatch slams shut behind you.
Xom is mildly amused.
e - a scroll labelled TETAGE TOSUST
f - a scroll labelled GAMULO VAQI
There are no items here.
As you read the scroll labelled TETAGE TOSUST, it crumbles to dust.
You feel aware of your surroundings.
You sensed 4 altars, and 4 shops/portals.
It was a scroll of magic mapping.
You open the door.
There is an open door here.
A hobgoblin comes into view. It is wielding a +0 club.
Found a stone staircase leading up.
As you read the scroll labelled GAMULO VAQI, it crumbles to dust.
The creatures around you are filled with an inner flame!
It was a scroll of immolation.
The hobgoblin shouts!
You hit the hobgoblin.
Flame seeps out of the hobgoblin.
The hobgoblin is severely wounded.
The hobgoblin is engulfed in blazing flames.
The hobgoblin explodes!
The fiery explosion engulfs you!!
Ouch! That really hurt!
You die...
Xom chuckles heartily!

♣.# ***#**,,*****,* ***,**,*,*,,
..####...,,,* *.####*,,,***,*,,
........#**** *.#..*8,≈,8*,,*,,
........# *<#.###,,,**,,,,,
........#####**##.....#*_**,**,,,
........##..,,,......,,***,,**,,,
........##.#***#§§.#*,**,*,,***,,
........##.#####○§.##...,******,*
........'......§@§......,,,,,,,,,
........##.#.###.#.###..,,*,****,
.......###.#.#*......,,**,*,,,,*,
...###.# ###.##........**,*,*,,**
...# #.#***#.##.........,,*,*,,**
...# #..,,,..##.........,,,,*,,**
...#######*####.......##,,,,,,,*,
.........# #.......#*,,,,,,,,,
.........# *,,,,,,,**,**,*,,*,


There were no monsters in sight!

Vanquished Creatures
  A dart slug (D:1)
  A leopard gecko (D:1)
  A giant cockroach (D:1)
  3 hobgoblins
  A kobold (D:1)
  2 bats (D:1)
  A goblin (D:1)
  2 rats (D:1)
12 creatures vanquished.

Notes
Turn   | Place    | Note
-------+----------+-------------------------------------------
     0 | D:1      | voidwright the Demonspawn Chaos Knight began the quest for
                  | the Orb.
     0 | D:1      | Reached XP level 1. HP: 18/18 MP: 1/1
   246 | D:1      | XOM: divination: magic mapping
   563 | D:1      | Gained mutation: You have a pair of small antennae on your
                  | head. [demonic ancestry]
   563 | D:1      | Reached XP level 2. HP: 23/24 MP: 2/2
   595 | D:1      | XOM: butterfly on damage
   757 | D:1      | XOM: give mutations
   757 | D:1      | Gained mutation: Armour fits poorly on your strangely
                  | shaped body. [Xom's mischief]
   757 | D:1      | Gained mutation: You are frail. (-10% HP) [Xom's mischief]
   757 | D:1      | Gained mutation: Your body sometimes deteriorates upon
                  | taking damage. [Xom's mischief]
   757 | D:1      | Lost mutation: Armour fits poorly on your strangely shaped
                  | body. [Xom's mischief]
   796 | D:1      | XOM: silly message
   852 | D:1      | XOM: stat loss: -1 Dex (11/12)
  1115 | D:1      | XOM: noise
  1309 | D:2      | Killed by an exploding hobgoblin... ignited by their inner
                  | flame

Illustrated notes

Levels and vault maps discovered:
D:1:      minmay_arrival_up_and_down, layout_basic, hangedman_decor_slide_cut,
          amethyst_killhole, minmay_misc_feat_doors
D:2:      layout_basic, nicolae_uskayaw_dance_studio,
          amethyst_overflow_temple_binary, chequers_ecumenical_altar_grove,
          serial_shops, shop, uniq_terence

Skill      XL: |  1  2 |
---------------+-------+-----
Long Blades    | 3 |  3.0
Armour         | 2 |  2.0
Fighting       | |  3.3
Dodging        | |  0.8

Action                   || total
-------------------------++-------
Melee: Falchion          ||    23
  Use: Potion            ||     1
       Scroll            ||     2
Armor: Leather armour    ||     2
Dodge: Dodged            ||    14
       Rpst.: Falchion   ||     1

Table legend: (Time is in decaauts)
 A = Elapsed time spent in this place.
 B = Non-inter-level travel time spent in this place.
 C = Inter-level travel time spent in this place.
 D = Time resting spent in this place.
 E = Time spent auto-exploring this place.
 F = Levels seen in this place.
 G = Mean time per level.
                   A        B        C        D        E       F      G
               +--------+--------+--------+--------+--------+-----+--------+
         Total |   1293 |   1281 |     12 |      0 |    869 |   2 |  646.5 |
       Dungeon |   1293 |   1281 |     12 |      0 |    869 |   2 |  646.5 |
               +--------+--------+--------+--------+--------+-----+--------+

Top non-repeatable levels by time:
     D:1: 1240 daAuts
     D:2: 53 daAuts
